 Dungeon Crawl Stone Soup version 0.31-a0-231-g51bb95cda3 (webtiles) character file.

Game seed: 5377545426875943864

252 qw the Shooter (level 5, -18/46 HPs)
             Began as a Minotaur Hexslinger on July 6, 2023.
             Demolished by an ogre
             ... wielding a +0 giant club
              (25 damage)
             ... on level 4 of the Dungeon.
             The game lasted 00:00:56 (2351 turns).

qw the Shooter (Minotaur Hexslinger)                Turns: 2351, Time: 00:00:56

Health: -18/46     AC:  4    Str: 13    XL:     5   Next: 89%
Magic:  5/5        EV: 12    Int: 10    God:
Gold:   80         SH:  0    Dex: 14    Spells: 5/6 levels left

rFire   + . .        g - +2 sling (heavy)
rCold   . . .        (no shield)
rNeg    . . .        k - +2 robe {rF+}
rPois   .            (helmet restricted)
rElec   .            (no cloak)
rCorr   .            (no gloves)
SInv    .            (no boots)
Will    .....        (no amulet)
Stlth   +            (no ring)
HPRegen 0.27/turn    (no ring)
MPRegen 0.09/turn

%: no passive effects
@: about to teleport
A: horns 2, retaliatory headbutt
a: no special abilities


You were on level 4 of the Dungeon.
You visited 1 branch of the dungeon, and saw 4 of its levels.

You collected 80 gold pieces.


Innate Abilities, Weirdness & Mutations

You have a pair of horns on your head.
You reflexively headbutt those who attack you in melee.


   Skills:
 + Level 3.7 Fighting
 - Level 6.0 Ranged Weapons
 - Level 2.1 Dodging
 - Level 1.0 Spellcasting
 - Level 2.0 Hexes


You had 5 spell levels left.
You knew the following spells:

 Your Spells              Type           Power      Damage    Failure   Level
a - Slow                  Hex            16%        N/A       16%         1

Your spell library contained the following spells:

 Spells                   Type           Power      Damage    Failure   Level
 Inner Flame              Hex/Fire       2%         N/A       56%         3
 Portal Projectile        Hex/Tloc       4%         N/A       56%         3
 Cause Fear               Hex            2%         N/A       83%         4

Inventory:

Hand Weapons
 g - a +2 heavy sling (weapon)
Armour
 k - a +2 robe of fire resistance (worn)
Potions
 b - a potion of ambrosia {unknown}
 j - a potion of haste
 l - a potion of brilliance {unknown}

Dungeon Overview and Level Annotations

Branches:
Dungeon (4/15)
 Temple: D:4-7

Altars:
Uskayaw

Shops:
D:1 :


Message History

You kill the goblin!
You hear a bark!
You shoot a sling bullet.
The sling bullet hits the hound but does no damage.
You shoot a sling bullet. The sling bullet hits the hound!
The hound is heavily wounded.
The hound bites you but does no damage. The hound bites you.
The hound closely misses you.
You shoot a sling bullet.
The sling bullet barely misses the hound.
The hound closely misses you. The hound barely misses you.
You shoot a sling bullet. The sling bullet hits the hound.
The hound is almost dead.
The hound bites you. The ogre closely misses you. You furiously retaliate!
You headbutt the ogre.
The hound bites you but does no damage. x2
You shoot a sling bullet. The sling bullet misses the hound.
The hound bites you. The ogre hits you with a +0 giant club!
The hound bites you but does no damage.
You shoot a sling bullet.
The sling bullet barely misses the hound.
The hound bites you but does no damage. The ogre barely misses you.
The hound barely misses you.
The endoplasm jiggles.
The hound bites you. The ogre closely misses you. You furiously retaliate!
You headbutt the ogre. You shoot a sling bullet.
The sling bullet hits the hound!
You kill the hound!
The endoplasm freezes you.
You are frozen.
The ogre hits you with a +0 giant club!!
2350 ||| READING scroll of teleportation.
As you read the scroll of teleportation, it crumbles to dust.
You feel strangely unstable. The endoplasm hits you.
You shoot a sling bullet.
The sling bullet hits the ogre but does no damage.
The ogre is lightly wounded.
The ogre hits you with a +0 giant club!!
Ouch! That really hurt!
You die...

.... ...# #..# ##
#..###... #......#
#)..#..##
#######OJ###...
###......@##?##.#
#<..###....#.#l..
#.###.#..#.##.##.#
..# ##..####...###
#.. #.##?...?....
#. ##..##)#...###
#.
###....#.##(##.# .
...........#.#...
#.
####......##!##.#


You could see an ogre, an iguana and an endoplasm.

Vanquished Creatures
  A hound (D:4)
  An orc priest (D:3)
  A sleepcap (D:4)
  3 gnolls (D:3)
  6 adders
  2 worms
  5 dart slugs
  9 orcs (D:3)
  2 ball pythons
  2 bats
  4 endoplasms
  A giant cockroach (D:1)
  6 goblins
  6 hobgoblins
  3 quokkas (D:3)
  5 frilled lizards
  6 kobolds
  2 rats
65 creatures vanquished.

Notes
Turn   | Place    | Note
-------+----------+-------------------------------------------
     0 | D:1      | qw the Minotaur Hexslinger began the quest for the Orb.
     0 | D:1      | Reached XP level 1. HP: 16/16 MP: 1/1
     0 | D:1      | 0 ||| qw: Version: 0.3-a-46-gb1f654a
     0 | D:1      | 0 ||| qw: Game counter: 1827
     0 | D:1      | 0 ||| qw: Melee chars always use a shield: true
     0 | D:1      | 0 ||| qw: God list: Okawaru
     0 | D:1      | 0 ||| qw: Allow faded altars: false
     0 | D:1      | 0 ||| qw: Do Orc after clearing Dungeon:15 true
     0 | D:1      | 0 ||| qw: Do second Lair branch before Depths: true
     0 | D:1      | 0 ||| qw: Lair rune preference: random
     0 | D:1      | 0 ||| qw: Goals: Normal
     0 | D:1      | 0 ||| PLANNING D:1-11
   402 | D:1      | Found Eroeblem's Book Shoppe.
   417 | D:1      | 417 ||| READING scroll labelled TOYXAO CAFO.
   462 | D:1      | Reached skill level 3 in Ranged Weapons
   462 | D:1      | Reached XP level 2. HP: 23/23 MP: 2/2
   614 | D:1      | 614 ||| READING scroll labelled HYAMU VAOSOLU.
   617 | D:1      | 617 ||| READING scroll labelled BESSALABIS.
   618 | D:1      | 618 ||| READING scroll labelled PECROE MAFOD.
   619 | D:1      | 619 ||| DROPPING scroll of poison.
   645 | D:2      | 645 ||| STAIRDANCE
   785 | D:2      | Reached XP level 3. HP: 28/29 MP: 3/3
   993 | D:2      | Reached skill level 4 in Ranged Weapons
  1284 | D:2      | 1284 ||| UPGRADING to +0 leather armour.
  1294 | D:2      | 1294 ||| DROPPING +0 robe.
  1295 | D:2      | 1295 ||| UPGRADING to +2 robe of fire resistance.
  1305 | D:2      | 1305 ||| DROPPING +0 leather armour.
  1306 | D:2      | 1306 ||| READING scroll labelled FEUN AGOET.
  1307 | D:2      | 1307 ||| READING 2 scrolls labelled ENYIRO GISSOEX.
  1308 | D:2      | 1308 ||| READING scroll labelled XIALAV PIFROM.
  1309 | D:2      | 1309 ||| READING scroll labelled QIBOITI GEOXUKH.
  1310 | D:2      | 1310 ||| DRINKING 2 smoky dark potions.
  1311 | D:2      | 1311 ||| DRINKING 2 fuming sapphire potions.
  1312 | D:2      | 1312 ||| DRINKING 2 murky emerald potions.
  1313 | D:2      | 1313 ||| DROPPING potion of attraction.
  1314 | D:2      | 1314 ||| DROPPING scroll of noise.
  1363 | D:3      | Reached XP level 4. HP: 14/36 MP: 4/4
  1364 | D:3      | HP: 8/36 [orc/+0 mace (7)]
  1365 | D:3      | 1365 ||| DRINKING potion of heal wounds.
  1462 | D:3      | 1462 ||| FLEEEEING.
  1464 | D:3      | 1464 ||| FLEEEEING.
  1465 | D:3      | 1465 ||| FLEEEEING.
  1466 | D:3      | 1466 ||| FLEEEEING.
  1467 | D:3      | 1467 ||| FLEEEEING.
  1468 | D:3      | 1468 ||| FLEEEEING.
  1469 | D:3      | 1469 ||| FLEEEEING.
  1470 | D:3      | 1470 ||| FLEEEEING.
  1471 | D:3      | 1471 ||| FLEEEEING.
  1473 | D:3      | 1473 ||| FLEEEEING.
  1474 | D:3      | 1474 ||| FLEEEEING.
  1475 | D:3      | 1475 ||| FLEEEEING.
  1476 | D:3      | 1476 ||| FLEEEEING.
  1477 | D:3      | 1477 ||| FLEEEEING.
  1505 | D:3      | Reached skill level 5 in Ranged Weapons
  1713 | D:3      | Reached skill level 3 in Fighting
  1724 | D:3      | Reached XP level 5. HP: 45/45 MP: 5/5
  1737 | D:3      | HP: 11/45 [poisoned by an adder]
  1738 | D:3      | HP: 5/45 [poisoned by an adder]
  2209 | D:3      | Found a hide-covered altar of Uskayaw.
  2209 | D:3      | Noticed a +0 dagger
  2210 | D:3      | Noticed a +0 hand axe
  2327 | D:4      | Reached skill level 6 in Ranged Weapons
  2341 | D:4      | Noticed an ogre
  2349 | D:4      | HP: 7/45 [ogre/+0 giant club (22)]
  2350 | D:4      | 2350 ||| READING scroll of teleportation.
  2351 | D:4      | Demolished by an ogre

Levels and vault maps discovered:
D:1:      reono_arrival_forest_river, layout_basic, serial_shops,
          nicolae_book_shop_shelving, nicolae_kite_square_tiling_tiny,
          minmay_misc_feat_five
D:2:      layout_basic
D:3:      layout_basic, dancing_weapons_uskayaw, minmay_misc_feat_more_columns,
          grunt_ministairs_1, kennysheep_path_1
D:4:      layout_loops_corners, zin_angel, ashenzari_conservatory_becter,
          minmay_temple_entry_stoned_glass, minmay_misc_feat_nine_boxes,
          minmay_fractal_squares_gapless_5, uniq_crazy_yiuf_cottage,
          uniq_natasha, uniq_blork_the_orc

Skill      XL: |  1  2  3  4  5 |
---------------+----------------+-----
Ranged Weapons | 3 4 5 6 |  6.0
Fighting       | 2 3 |  3.7
Dodging        | |  2.1
Spellcasting   | |  1.0
Hexes          | |  2.0

Action                     |  1- 3 |  4- 6 || total
---------------------------+-------+-------++-------
   Fire: Sling             |    90 |    94 ||   184
    Use: Scroll            |     8 |     1 ||     9
         Potion            |     3 |     1 ||     4
 Armour: Robe              |     3 |    19 ||    22
  Dodge: Dodged            |    24 |    51 ||    75

Table legend:
 A = Non-vault XP
 B = Vault XP
 C = Vault XP percentage of total XP
 D = Non-vault monster count
 E = Vault monster count
 F = Vault count percentage of total count
                 A         B        C        D         E       F
            +---------+---------+-------+---------+---------+-------
      Total |     298 |      63 |  17.5 |      59 |       6 |   9.2
            +---------+---------+-------+---------+---------+-------
        D:1 |      16 |       0 |   0.0 |       8 |       0 |   0.0
        D:2 |      60 |       0 |   0.0 |      17 |       0 |   0.0
        D:3 |     177 |       5 |   2.7 |      32 |       2 |   5.9
        D:4 |      45 |      58 |  56.3 |       2 |       4 |  66.7
            +---------+---------+-------+---------+---------+-------
